 Dungeon Crawl Stone Soup version 0.31-a0-200-gbc41564c69 (webtiles) character file.

Game seed: 5466151371169414579

119 qw the Skirmisher (level 4, -1/25 HPs)
             Began as a Deep Elf Hunter on June 25, 2023.
             Slain by Grinder (6 damage)
             ... while paralysed by Grinder
             ... on level 4 of the Dungeon.
             The game lasted 00:00:42 (1706 turns).

qw the Skirmisher (Deep Elf Hunter)                 Turns: 1706, Time: 00:00:43

Health: -1/25      AC:  6    Str: 10    XL:     4   Next: 74%
Magic:  6/6        EV:  2    Int: 14    God:
Gold:   164        SH:  0    Dex: 18    Spells: 3/3 levels left

rFire   . . .        Y - +1 shortbow
rCold   + . .        (shield currently unavailable)
rNeg    . . .        b - +2 ring mail {rC+}
rPois   +            (helmet restricted)
rElec   .            (no cloak)
rCorr   .            i - +1 pair of gloves
SInv    .            (no boots)
Will    .....        g - amulet of faith
Stlth   +            (no ring)
HPRegen 0.24/turn    (no ring)
MPRegen 0.10/turn

%: faith
@: paralysed
A: horns 1, deformed body, poison resistance
a: no special abilities


You were on level 4 of the Dungeon.
You visited 1 branch of the dungeon, and saw 4 of its levels.

You collected 164 gold pieces.


Innate Abilities, Weirdness & Mutations

You have a pair of small horns on your head.
Armour fits poorly on your strangely shaped body.
Your system is resistant to poisons. (rPois)


   Skills:
 - Level 1.5 Fighting
 + Level 8.2 Ranged Weapons
 - Level 2.4 Dodging
 - Level 1.2 Stealth


You had 3 spell levels left.
You didn't know any spells.
Your spell library was empty.

Inventory:

Hand Weapons
 Y - a +1 shortbow (weapon)
Armour
 b - a +2 ring mail of cold resistance (worn)
 i - a +1 pair of gloves (worn)
Jewellery
 g - an amulet of faith (around neck)
Wands
 j - a wand of digging (7)
Scrolls
 d - a scroll of revelation {unknown}
 k - a scroll of identify
Potions
 a - a potion of heal wounds {unknown}
 c - a potion of mutation
 e - a potion of degeneration {unknown}
 f - a potion of might {unknown}
 h - 2 potions of enlightenment {unknown}

Dungeon Overview and Level Annotations

Branches:
Dungeon (4/15)
 Temple: D:4-7

Altars:

Annotations:
D:4 Grinder


Message History

The kobold closely misses you.
You shoot an arrow. The arrow hits the kobold!
You kill the kobold!
The endoplasm hits you but does no damage.
You shoot an arrow. The arrow hits the endoplasm!
You kill the endoplasm!
Grinder blinks!
Grinder blinks!
You see here a +0 whip of venom.
Enter note:
Enter note:
Enter note:
Enter note:
Enter note:
Enter note: You shoot an arrow.
The arrow barely misses Grinder.
Grinder gestures at you. Pain shoots through your body!
You shoot an arrow. The arrow barely misses Grinder.
Grinder hits you but does no damage.
You shoot an arrow. The arrow barely misses Grinder.
Grinder hits you but does no damage.
You shoot an arrow. The arrow hits Grinder.
Grinder is lightly wounded.
Grinder hits you but does no damage.
You shoot an arrow. The arrow hits Grinder!
Grinder is moderately wounded.
Grinder hits you.
You writhe in agony.
You shoot an arrow. The arrow hits Grinder.
Grinder is moderately wounded.
Grinder completely misses you.
You shoot an arrow. The arrow hits Grinder!
Grinder is heavily wounded.
Grinder misses you.
You shoot an arrow. The arrow hits Grinder!
Grinder is severely wounded.
Grinder gestures at you.
You suddenly lose the ability to move!
Grinder hits you.
You die...

#......... ........#
.......#### #
#.......... #>
.......... #..
.........
#.##5.......
####..#@.......
.........######
......#..###########
....%.##.##........#
..... #.##..?.....#
### .....
#...........# #..
.... #...........#
#.# ....
#...###..######.#
#...# #....).##.#


You could see Grinder.

Vanquished Creatures
  Terence (D:2)
  2 adders
  An ufetubus (D:4)
  3 worms
  A dart slug (D:1)
  5 orcs
  5 ball pythons
  5 bats
  5 endoplasms
  3 giant cockroaches
  3 goblins
  3 hobgoblins
  3 jackals (D:2)
  7 kobolds
  2 quokkas
  3 frilled lizards
  A rat (D:2)
53 creatures vanquished.

Notes
Turn   | Place    | Note
-------+----------+-------------------------------------------
     0 | D:1      | qw the Deep Elf Hunter began the quest for the Orb.
     0 | D:1      | Reached XP level 1. HP: 12/12 MP: 3/3
     0 | D:1      | 0 ||| qw: Version: 0.3-a-22-g0ed2b0b
     0 | D:1      | 0 ||| qw: Game counter: 5540
     0 | D:1      | 0 ||| qw: Melee chars always use a shield: true
     0 | D:1      | 0 ||| qw: God list: Okawaru
     0 | D:1      | 0 ||| qw: Allow faded altars: false
     0 | D:1      | 0 ||| qw: Do Orc after clearing Dungeon:15 true
     0 | D:1      | 0 ||| qw: Do second Lair branch before Depths: true
     0 | D:1      | 0 ||| qw: Lair rune preference: random
     0 | D:1      | 0 ||| qw: Goals: Normal
     0 | D:1      | 0 ||| PLANNING D:1-11
   218 | D:1      | Reached XP level 2. HP: 16/16 MP: 4/4
   242 | D:1      | Reached skill level 6 in Ranged Weapons
   515 | D:1      | 515 ||| UPGRADING to +0 pair of gloves.
   520 | D:1      | 520 ||| UPGRADING to +0 ring mail.
   530 | D:1      | 530 ||| DROPPING +0 leather armour.
   531 | D:1      | 531 ||| UPGRADING to amulet of faith.
   536 | D:1      | 536 ||| READING 2 scrolls labelled JIOFOF JURIMY.
   537 | D:1      | 537 ||| READING scroll labelled VIRHOL ZIUWUL.
   538 | D:1      | 538 ||| READING scroll labelled ETHROD HEAPHATOTAOR.
   539 | D:1      | 539 ||| READING scroll labelled SAGYISHR BOAF.
   540 | D:1      | 540 ||| READING scroll labelled SUSTUCRIOG.
   541 | D:1      | 541 ||| READING scroll labelled PIUSCH WUIV.
   544 | D:1      | 544 ||| DROPPING scroll of immolation.
   545 | D:1      | 545 ||| DROPPING scroll of butterflies.
   718 | D:2      | Noticed Terence
   720 | D:2      | Killed Terence
   721 | D:2      | Reached skill level 7 in Ranged Weapons
   721 | D:2      | Reached XP level 3. HP: 20/20 MP: 5/5
   999 | D:2      | 999 ||| UPGRADING to +2 ring mail of cold resistance.
  1009 | D:2      | 1009 ||| DROPPING +0 ring mail.
  1010 | D:2      | 1010 ||| READING scroll labelled FOIMOALANU.
  1011 | D:2      | 1011 ||| DRINKING 2 fizzy clear potions.
  1011 | D:2      | Gained mutation: Armour fits poorly on your strangely
                  | shaped body. [potion of mutation]
  1011 | D:2      | Gained mutation: You have a pair of small horns on your
                  | head. [potion of mutation]
  1011 | D:2      | Gained mutation: Your system is resistant to poisons.
                  | (rPois) [potion of mutation]
  1012 | D:2      | 1012 ||| DRINKING 2 bubbling silvery potions.
  1020 | D:2      | 1020 ||| DROPPING potion of ambrosia.
  1152 | D:3      | 1152 ||| READING scroll of enchant armour.
  1152 | D:3      | 1152 ||| ENCHANTING +0 pair of gloves.
  1160 | D:3      | Reached XP level 4. HP: 25/25 MP: 6/6
  1650 | D:4      | 1650 ||| FLEEEEING.
  1657 | D:4      | Reached skill level 8 in Ranged Weapons
  1691 | D:4      | Noticed Grinder
  1702 | D:4      | HP: 4/25 [Grinder (5)]
  1705 | D:4      | Paralysed by Grinder for 3 turns
  1706 | D:4      | Slain by Grinder

Levels and vault maps discovered:
D:1:      erik_arrival_blinker_ship, layout_basic
D:2:      layout_rooms, uniq_terence
D:3:      layout_rooms
D:4:      layout_basic, uniq_grinder

Skill      XL: |  1  2  3  4 |
---------------+-------------+-----
Ranged Weapons | 7 8 |  8.2
Fighting       | |  1.5
Dodging        | |  2.4
Stealth        | |  1.2

Action                     |  1- 3 |  4- 6 || total
---------------------------+-------+-------++-------
   Fire: Shortbow          |    71 |    62 ||   133
    Use: Scroll            |     8 |       ||     8
         Potion            |     2 |       ||     2
 Armour: Ring mail         |     5 |     7 ||    12
  Dodge: Dodged            |    12 |     9 ||    21

Table legend:
 A = Non-vault XP
 B = Vault XP
 C = Vault XP percentage of total XP
 D = Non-vault monster count
 E = Vault monster count
 F = Vault count percentage of total count
                 A         B        C        D         E       F
            +---------+---------+-------+---------+---------+-------
      Total |     135 |      36 |  21.1 |      52 |       1 |   1.9
            +---------+---------+-------+---------+---------+-------
        D:1 |      17 |       0 |   0.0 |       8 |       0 |   0.0
        D:2 |      26 |      36 |  58.1 |      13 |       1 |   7.1
        D:3 |      51 |       0 |   0.0 |      19 |       0 |   0.0
        D:4 |      41 |       0 |   0.0 |      12 |       0 |   0.0
            +---------+---------+-------+---------+---------+-------
